 Dungeon Crawl Stone Soup version 0.28-a0-1190-g77e1c55843 (webtiles) character file.

Game seed: 4353558454355920176

1311 halfoni the Cleaver (level 8, -18/61 HPs)
             Began as a Human Berserker on Dec 19, 2021.
             Was a Believer of Trog.
             Demolished by an ogre (24 damage)
             ... on level 6 of the Dungeon.
             The game lasted 00:09:54 (6873 turns).

halfoni the Cleaver (Human Berserker)               Turns: 6873, Time: 00:09:55

Health: -18/61     AC: 10    Str: 21    XL:     8   Next: 89%
Magic:  8/8        EV: 11    Int:  7    God:    Trog [**....]
Gold:   246        SH:  0    Dex: 12    Spells: 7/7 levels left

rFire   . . .      SeeInvis .   c - +1 broad axe (venom)
rCold   . . .      Faith    .   (no shield)
rNeg    . . .      Spirit   .   k - +0 scale mail
rPois   .          Reflect  .   (no helmet)
rElec   .          Harm     .   (no cloak)
rCorr   .          Rampage  .   g - +0 pair of gloves
Will    .....                   f - +0 pair of boots
Stlth   ..........              (no amulet)
HPRegen 0.20/turn               (no ring)
MPRegen 0.11/turn               (no ring)

@: lethally poisoned (-18 -> -25), on berserk cooldown, slowed, very slow
A: no striking features
a: Renounce Religion, Berserk, Trog's Hand


You were on level 6 of the Dungeon.
You worshipped Trog.
Trog was pleased with you.
You visited 1 branch of the dungeon, and saw 6 of its levels.

You collected 246 gold pieces.

Inventory:

Hand Weapons
 c - a +1 broad axe of venom (weapon)
Armour
 f - a +0 pair of boots (worn)
 g - a +0 pair of gloves (worn)
 k - a +0 scale mail (worn)
Wands
 i - a wand of iceblast (4)
Scrolls
 b - 5 scrolls of identify
 d - 2 scrolls of enchant weapon {unknown}
 r - a scroll of teleportation
Potions
 a - 4 potions of ambrosia
 e - 4 potions of curing {unknown}
 h - a potion of brilliance
 j - 2 potions of lignification {unknown}
 l - 3 potions of degeneration {unknown}
 m - a potion of cancellation {unknown}
 n - 2 potions of haste {unknown}
 o - a potion of resistance {unknown}
 p - a potion of attraction {unknown}
 q - a potion of might {unknown}
 s - a potion of magic {unknown}
 t - a potion of mutation {unknown}


   Skills:
 + Level 4.6 Fighting
 * Level 8.0 Axes
 * Level 5.6 Armour
 + Level 3.2 Dodging


You had 7 spell levels left.
You didn't know any spells.
Your spell library was empty.

Dungeon Overview and Level Annotations

Branches:
Dungeon (6/15)
 Temple: D:4-7

Altars:
Gozag
Trog

Shops:
D:4 *:[*   D:6 (


Message History

Sigmund is heavily wounded.
You miss the water moccasin.
You are no longer berserk.
You are exhausted.
You feel yourself slow down. The water moccasin bites you! Sigmund misses you.
You barely miss Sigmund.
Sigmund is heavily wounded.
You miss the water moccasin.
You feel less confused. The water moccasin bites you.
The water moccasin bites you but does no damage.
Sigmund misses you. The water moccasin misses you.
You slash Sigmund!
You kill Sigmund!
Trog accepts your kill.
Trog appreciates your killing of a magic user.
You hit the water moccasin.
The water moccasin is poisoned.
The water moccasin bites you.
You are poisoned.
The water moccasin poisons you!
The water moccasin bites you but does no damage.
The ogre closely misses you.
Your Axes skill increases to level 8!
You hit the ogre.
The ogre is poisoned.
The ogre is lightly wounded.
You miss the water moccasin.
* * * LOW HITPOINT WARNING * * *
You feel extremely sick. The water moccasin misses you.
The water moccasin bites you.
* * * LOW HITPOINT WARNING * * *
The ogre barely misses you.
The water moccasin bites you but does no damage.
You slash the ogre!
The ogre looks as sick as possible!
The ogre is heavily wounded.
You hit the water moccasin.
* * * LOW HITPOINT WARNING * * *
You feel very sick.
The water moccasin bites you but does no damage.
The ogre hits you with a +0 giant spiked club!!
You die...

## #..##...##..#######
...#.......#...)#...#.
...###.....#....'...#.
...........#....#..<#.
...........#....#...#.
...........#..(.#...#.
...###...########.....
...#.###...#### ##....#.
#...O@........#....#..
.∩....S.........#...####
#.#.............#....#..
...#............#.....#.
.....##############.....
##### #####. ##


You could see a water moccasin (very poisoned) and an ogre (extremely poisoned).

Vanquished Creatures
  Sigmund (D:6)
  Menkaure (D:5)
  A water moccasin (D:6)
  2 sky beasts
  An ice beast (D:6)
  A necrophage (D:5)
  A centaur (D:6)
  A wyvern skeleton (D:6)
  2 scorpions
  A howler monkey (D:6)
  A bullfrog zombie (D:5)
  A hound (D:5)
  An orc priest (D:3)
  A jelly (D:5)
  An iguana (D:6)
  An orc wizard (D:2)
  5 adders
  An ufetubus (D:6)
  A worm (D:4)
  2 dart slugs
  8 orcs
  7 endoplasms
  4 giant cockroaches
  2 goblins
  9 hobgoblins
  4 jackals (D:2)
  4 quokkas
  8 ball pythons
  5 bats
  5 frilled lizards
  4 kobolds
  7 rats
94 creatures vanquished.

Notes
Turn   | Place    | Note
-------+----------+-------------------------------------------
     0 | D:1      | halfoni the Human Berserker began the quest for the Orb.
     0 | D:1      | Reached XP level 1. HP: 18/18 MP: 1/1
   280 | D:1      | Reached XP level 2. HP: 24/24 MP: 2/2
  1135 | D:1      | Reached XP level 3. HP: 29/29 MP: 3/3
  1591 | D:2      | Found a bloodstained altar of Trog.
  1907 | D:2      | Reached XP level 4. HP: 35/35 MP: 4/4
  1909 | D:2      | Reached ** piety under Trog
  2177 | D:2      | Reached skill level 4 in Axes
  2225 | D:2      | Found a faded altar of an unknown god.
  2899 | D:2      | Reached XP level 5. HP: 20/42 MP: 5/5
  3822 | D:4      | Found Tiuhy's Book Shoppe.
  3840 | D:4      | Found Vuvuoc Quzea's General Store.
  4359 | D:4      | Found an opulent altar of Gozag.
  4473 | D:4      | Found Fyuriopp's Armour Shop.
  4490 | D:4      | Found Weilozun's General Store.
  4494 | D:4      | Reached skill level 5 in Axes
  4494 | D:4      | Reached XP level 6. HP: 46/48 MP: 6/6
  4726 | D:5      | Entered Level 5 of the Dungeon
  5027 | D:5      | Noticed Menkaure
  5043 | D:5      | HP: 2/48 [bullfrog zombie (3)]
  5393 | D:5      | Noticed a sky beast
  5414 | D:5      | Killed a sky beast
  5415 | D:5      | Reached skill level 6 in Axes
  5415 | D:5      | Reached XP level 7. HP: 34/54 MP: 7/7
  5565 | D:5      | Killed Menkaure
  6157 | D:6      | Reached XP level 8. HP: 60/60 MP: 8/8
  6197 | D:6      | Reached skill level 7 in Axes
  6441 | D:6      | Reached skill level 5 in Armour
  6472 | D:6      | Noticed Sigmund
  6860 | D:6      | Found Maisyneo's Antique Weapon Emporium.
  6871 | D:6      | Killed Sigmund
  6872 | D:6      | Reached skill level 8 in Axes
  6873 | D:6      | Demolished by an ogre

Illustrated notes

Levels and vault maps discovered:
D:1:      dpeg_arrival_castle, layout_basic
D:2:      layout_loops_ring, basic_altar, hellmonk_ecumenical_altar_zigzags,
          st_stairs_5
D:3:      layout_basic
D:4:      layout_gridville, grunt_gozag_statues, serial_shops,
          nicolae_shop_waterfront, nicolae_shop_stone,
          nicolae_shop_temple_entry_statues_fountains, nicolae_diamond_shop
D:5:      layout_loops_ring, uniq_menkaure
D:6:      layout_gridville, minmay_temple_entry_purple_smoke, serial_shops,
          nicolae_shop_advertising_works [nicolae_subvault_shop_adworks],
          gammafunk_ghost_grave, hangedman_decor_points, uniq_sigmund,
          uniq_duvessa

Skill      XL: |  1  2  3  4  5  6  7  8 |
---------------+-------------------------+-----
Axes           | 4 5 6 8 |  8.0
Armour         | 3 4 5 |  5.6
Fighting       | 4 |  4.6
Dodging        | 3 |  3.2

Action                   |  1- 3 |  4- 6 |  7- 9 || total
-------------------------+-------+-------+-------++-------
Melee: Hand axe          |    19 |       |       ||    19
       Broad axe         |    52 |   108 |    69 ||   229
Invok: Berserk           |     3 |     6 |     4 ||    13
  Use: Scroll            |       |     6 |       ||     6
       Potion            |       |     1 |       ||     1
 Stab: Distracted        |       |     1 |       ||     1
Armor: Animal skin       |    16 |     7 |       ||    23
       Scale mail        |       |    45 |    37 ||    82
Dodge: Dodged            |    68 |    65 |    45 ||   178

Table legend: (Time is in decaauts)
 A = Elapsed time spent in this place.
 B = Non-inter-level travel time spent in this place.
 C = Inter-level travel time spent in this place.
 D = Time resting spent in this place.
 E = Time spent auto-exploring this place.
 F = Levels seen in this place.
 G = Mean time per level.
                   A        B        C        D        E       F      G
               +--------+--------+--------+--------+--------+-----+--------+
         Total |   7058 |   7040 |     18 |   2252 |   3571 |   6 | 1176.3 |
       Dungeon |   7058 |   7040 |     18 |   2252 |   3571 |   6 | 1176.3 |
               +--------+--------+--------+--------+--------+-----+--------+

Top non-repeatable levels by time:
     D:2: 1614 daAuts
     D:1: 1533 daAuts
     D:5: 1374 daAuts
     D:4: 1086 daAuts
     D:3: 773 daAuts
     D:6: 675 daAuts
